 Dungeon Crawl Stone Soup version 0.31-a0-161-gb58dd9be76 (webtiles) character file.

Game seed: 7218697673918335719

15 qw the Shooter (level 2, 0/26 HPs)
             Began as a Naga Hunter on June 12, 2023.
             Slain by an adder (3 damage)
             ... on level 2 of the Dungeon.
             The game lasted 00:00:16 (1194 turns).

qw the Shooter (Naga Hunter)                        Turns: 1194, Time: 00:00:16

Health: 0/26       AC:  2    Str: 13    XL:     2   Next: 50%
Magic:  2/2        EV:  9    Int:  9    God:
Gold:   31         SH:  0    Dex: 14    Spells: 1/1 levels left

rFire   . . .        Y - +0 shortbow
rCold   . . .        (shield currently unavailable)
rNeg    . . .        c - +0 leather armour
rPois   +            (no helmet)
rElec   .            (no cloak)
rCorr   .            (no gloves)
SInv    +            (no barding)
Will    .....        (no amulet)
Stlth   ++           (no ring)
HPRegen 0.24/turn    (no ring)
MPRegen 0.08/turn

%: no passive effects
@: lethally poisoned (0 -> -2), short of breath, very slow
A: AC +0, large, see invisible, deformed body, poison resistance, slowness 2,
spit poison 1, naga tail 1
a: Spit Poison


You were on level 2 of the Dungeon.
You visited 1 branch of the dungeon, and saw 2 of its levels.

You collected 31 gold pieces.


Innate Abilities, Weirdness & Mutations

Your serpentine skin is tough. (AC +0)
You have supernaturally acute eyesight. (SInv)
Armour fits poorly on your strangely shaped body.
Your system is resistant to poisons. (rPois)
You cover ground very slowly.
You can spit poison.
You have a snake-like lower body.


   Skills:
 - Level 2.0 Fighting
 + Level 4.2 Ranged Weapons
 - Level 1.5 Dodging
 - Level 1.5 Stealth


You had one spell level left.
You didn't know any spells.
Your spell library was empty.

Inventory:

Hand Weapons
 Y - a +0 shortbow (weapon)
Armour
 c - a +0 leather armour (worn)
Scrolls
 a - a scroll of amnesia {unknown}
Potions
 b - a potion of lignification {unknown}
 d - a potion of magic {unknown}
 f - a potion of mutation {unknown}
 g - a potion of degeneration {unknown}
 h - a potion of invisibility {unknown}

Dungeon Overview and Level Annotations

Branches:
Dungeon (2/15)

Altars:

Shops:
D:1 (


Message History

Press: ? - help, Shift-Dir - straight line, f/p - adder The splash of poison hits the adder but does no damage.
The adder is poisoned.
The adder is lightly wounded.
You shoot an arrow. The arrow misses the adder.
A ball python comes into view.
You shoot an arrow. The arrow barely misses the adder.
The ball python hisses angrily.
You have got your breath back.
The adder looks more healthy.
The adder bites you but does no damage. The adder bites you.
1188 ||| INVOKING Spit Poison.
Aiming: Spit Poison (2% risk of failure)
Press: ? - help, Shift-Dir - straight line, f/p - adder The splash of poison misses the adder.
The adder barely misses you.
You shoot an arrow. The arrow closely misses the adder.
The adder bites you. x2
You shoot an arrow. The arrow closely misses the adder.
The adder bites you.
You shoot an arrow. The arrow misses the adder.
The adder bites you but does no damage. The ball python bites you.
The adder bites you.
You shoot an arrow. The arrow hits the adder.
The adder is heavily wounded.
You have got your breath back.
The ball python bites you but does no damage.
The adder bites you.
You are poisoned.
The adder poisons you! The ball python closely misses you.
The adder bites you but does no damage.
1193 ||| INVOKING Spit Poison.
Aiming: Spit Poison (2% risk of failure)
Press: ? - help, Shift-Dir - straight line, f/p - adder The splash of poison misses the adder.
You feel sick. The adder bites you. The ball python bites you.
You shoot an arrow. The arrow hits the adder.
The adder is severely wounded.
You feel sick. The adder bites you.
You die...

..........# ..........#
..........# ..........#
..........#
.....%....##############
.......S.#...##.........
#....S@#...............
#.#####.........<[.....
#.............###
#............##
##..........##
##...#....## #####....#
##[.## #.##


You could see an adder and a ball python.

Vanquished Creatures
  An endoplasm (D:2)
  5 hobgoblins (D:1)
  A kobold (D:1)
  A ball python (D:1)
  A bat (D:1)
  4 frilled lizards
  2 rats (D:1)
15 creatures vanquished.

Notes
Turn   | Place    | Note
-------+----------+-------------------------------------------
     0 | D:1      | qw the Naga Hunter began the quest for the Orb.
     0 | D:1      | Reached XP level 1. HP: 19/19 MP: 1/1
     0 | D:1      | 0 ||| qw: Version: 0.2-a-29-gc1b59c4
     0 | D:1      | 0 ||| qw: Game counter: 4202
     0 | D:1      | 0 ||| qw: Always use a shield: true
     0 | D:1      | 0 ||| qw: God list: Okawaru
     0 | D:1      | 0 ||| qw: Allow faded altars: false
     0 | D:1      | 0 ||| qw: Do Orc after D:15 true
     0 | D:1      | 0 ||| qw: Do second Lair branch before Depths: true
     0 | D:1      | 0 ||| qw: Lair rune preference: random
     0 | D:1      | 0 ||| qw: Plans: Normal
     0 | D:1      | 0 ||| PLANNING D:1-11
    10 | D:1      | 10 ||| INVOKING Spit Poison.
    83 | D:1      | 83 ||| INVOKING Spit Poison.
   144 | D:1      | Found Peuwkihywn's Weapon Emporium.
   163 | D:1      | 163 ||| INVOKING Spit Poison.
   257 | D:1      | 257 ||| INVOKING Spit Poison.
   261 | D:1      | 261 ||| INVOKING Spit Poison.
   364 | D:1      | 364 ||| INVOKING Spit Poison.
   373 | D:1      | Found a faded altar of an unknown god.
   509 | D:1      | 509 ||| INVOKING Spit Poison.
   512 | D:1      | Reached skill level 4 in Ranged Weapons
   512 | D:1      | Reached XP level 2. HP: 26/26 MP: 2/2
   518 | D:1      | 518 ||| INVOKING Spit Poison.
   768 | D:1      | 768 ||| INVOKING Spit Poison.
   830 | D:1      | 830 ||| INVOKING Spit Poison.
   833 | D:1      | 833 ||| INVOKING Spit Poison.
   844 | D:1      | 844 ||| INVOKING Spit Poison.
   847 | D:1      | 847 ||| INVOKING Spit Poison.
  1107 | D:1      | 1107 ||| INVOKING Spit Poison.
  1109 | D:1      | 1109 ||| READING scroll labelled LEHAEN QIEXYEGH.
  1113 | D:1      | 1113 ||| READING scroll labelled KYETAS DOAGAING.
  1114 | D:1      | 1114 ||| READING scroll labelled XAANAPS UPHEADGH.
  1115 | D:1      | 1115 ||| DROPPING scroll of butterflies.
  1180 | D:2      | 1180 ||| INVOKING Spit Poison.
  1185 | D:2      | 1185 ||| INVOKING Spit Poison.
  1188 | D:2      | 1188 ||| INVOKING Spit Poison.
  1193 | D:2      | 1193 ||| INVOKING Spit Poison.
  1193 | D:2      | HP: 6/26 [adder (2)]
  1194 | D:2      | Slain by an adder

Levels and vault maps discovered:
D:1:      dpeg_arrival_simpleton_b, layout_basic,
          shapermc_ecumenical_altar_hornbeckon, serial_shops,
          nicolae_shop_pleasant_corner_grove, nicolae_figureground_sparkle
D:2:      layout_rooms, minmay_goblin_outpost, uniq_jessica

Skill      XL: |  1 |
---------------+----+-----
Ranged Weapons | 4 |  4.2
Fighting       | |  2.0
Dodging        | |  1.5
Stealth        | |  1.5

Action                     || total
---------------------------++-------
   Fire: Shortbow          ||    33
Ability: Spit Poison       ||    18
    Use: Scroll            ||     3
 Armour: Leather armour    ||     5
  Dodge: Dodged            ||     4

Table legend:
 A = Non-vault XP
 B = Vault XP
 C = Vault XP percentage of total XP
 D = Non-vault monster count
 E = Vault monster count
 F = Vault count percentage of total count
                 A         B        C        D         E       F
            +---------+---------+-------+---------+---------+-------
      Total |      22 |       0 |   0.0 |      15 |       0 |   0.0
            +---------+---------+-------+---------+---------+-------
        D:1 |      19 |       0 |   0.0 |      13 |       0 |   0.0
        D:2 |       3 |       0 |   0.0 |       2 |       0 |   0.0
            +---------+---------+-------+---------+---------+-------
